Description

I was just watching the youTube vid seeing how crap I was at build orders.

VOD

https://www.youtube.com/watch?v=oRqEnM1H10I&pbjreload=101

Build Order

Get SALT Encoding   

  12  0:00  Drone  
  13  0:13  Overlord  
  14  0:17  Drone  
  14  0:31  Drone x2  230 minerals Pull 1 of these off to scout 3rd base.
  16  0:39  Hatchery  Move to build 2nd hatch start by 0:48
  15  0:52  Drone  
  16  0:55  Drone  
  17  1:00  Drone  
  18  1:10  Extractor  
  17  1:16  Spawning Pool  
  16  1:19  Drone  
  17  1:23  Drone  
  18  1:28  Drone  
  19  1:40  Drone  
  20  1:50  Overlord  
  20  2:03  Queen x2, Zergling x2  
  26  2:05  Drone  
  28  2:18  Metabolic Boost  
  30  2:36  Hatchery  
Spawning Tool Build Advisor. Get it on Overwolf

Go to:

Details

  • Created by: bgare89
  • Published on: Aug 14, 2020
  • Modified on: Aug 14, 2020
  • Patch: 4.11.0
  • Difficulty: Medium
Show
View Real Time Build Order
Export as new Build Order

Comments (0)

There are no comments. Be the first!

Create an account to comment!